 Dungeon Crawl Stone Soup version 0.31.0-11-ge490571c62 (webtiles) character file.

Game seed: 17231844483952833699

5 BerryKnight the Caller (level 1, -3/15 HPs)
             Began as a Ghoul Summoner on Jan 25, 2024.
             Slain by a kobold
             ... wielding a +2 short sword of speed
              (4 damage)
             ... on level 1 of the Dungeon on Jan 26, 2024.
             The game lasted 00:02:12 (332 turns).

BerryKnight the Caller (Ghoul Summoner)              Turns: 332, Time: 00:02:12

Health: -3/15      AC:  6    Str: 11    XL:     1   Next: 80%
Magic:  3/3        EV:  8    Int: 14    God:
Gold:   25         SH:  0    Dex:  9    Spells: 2/3 levels left

rFire   . . .        (no weapon)
rCold   + . .        (no shield)
rNeg    + + +        i - +0 scale mail
rPois   ∞            (no helmet)
rElec   .            (no cloak)
rCorr   .            (no gloves)
SInv    .            (no boots)
Will    .....        (no amulet) Stlth
                     (no ring)
HPRegen 0.00/turn    (no ring)
MPRegen 0.08/turn

%: no passive effects
@: inhibited regen
A: claws 1, cold resistance 1, negative energy resistance 3, inhibited
regeneration, torment resistance 2, devour on kill
a: no special abilities


You were on level 1 of the Dungeon.
You visited 1 branch of the dungeon, and saw 1 of its levels.

You collected 25 gold pieces.

Inventory:

Armour
 e - a +0 ring mail
 f - a +0 chain mail
 i - a +0 scale mail (worn)
Scrolls
 a - a scroll of acquirement {unknown}
 d - a scroll of enchant armour {unknown}
 j - a scroll of enchant weapon {unknown}
Potions
 b - a potion of magic
 c - a potion of heal wounds {unknown}
 g - 2 potions of cancellation {unknown}
 h - a potion of berserk rage {unknown}
 k - a potion of enlightenment {unknown}
 l - 2 potions of resistance {unknown}


   Skills:
 + Level 0.4 Fighting
 * Level 0.4 Armour
 + Level 1.9 Dodging
 - Level 2.1 Stealth
 + Level 0.4 Unarmed Combat
 - Level 1.7 Spellcasting
 - Level 3.6 Summonings


You had 2 spell levels left.
You knew the following spells:

 Your Spells              Type           Power      Damage    Failure   Level
a - Summon Small Mammal   Summ           44%        N/A       34%         1

Your spell library contained the following spells:

 Spells                   Type           Power      Damage    Failure   Level
 Call Imp                 Summ           22%        N/A       45%         2
 Call Canine Familiar     Summ           11%        N/A       71%         3
 Summon Blazeheart Golem  Fire/Summ      6%         N/A       100%        4
 Summon Lightning Spire   Summ/Air       6%         N/A       100%        4


Dungeon Overview and Level Annotations

Branches:
Dungeon (1/15)

Altars:


Innate Abilities, Weirdness & Mutations

You are immune to poison.
You have sharp fingernails.
Your flesh is cold resistant. (rC+)
You are immune to negative energy. (rN+++)
You do not regenerate when monsters are visible.
You are immune to unholy pain and torment.
You thrive by killing the living.


Message History

You feel better.
No target in view!
You now have 25 gold pieces (gained 11).
l - 2 orange potions
Found a stone staircase leading down.
A kobold comes into view.
It is wielding a +2 short sword of speed.
The kobold shouts!
Found a stone staircase leading down.
The kobold throws a stone.
The stone barely misses you.
The kobold throws a stone.
The stone hits you.
The kobold hits you with a +2 short sword of speed.
The kobold hits you but does no damage.
You scratch the kobold.
The kobold is moderately wounded.
The kobold hits you with a +2 short sword of speed.
The kobold hits you but does no damage.
You closely miss the kobold.
The kobold is moderately wounded.
The kobold barely misses you.
You barely miss the kobold.
The kobold is moderately wounded.
The kobold hits you with a +2 short sword of speed.
* * * LOW HITPOINT WARNING * * *
The kobold closely misses you.
You are too injured to fight recklessly!
You are too injured to fight recklessly!
You scratch the kobold but do no damage.
The kobold is moderately wounded.
The kobold hits you but does no damage.
Okay, then.
You barely miss the kobold.
The kobold is moderately wounded.
The kobold hits you with a +2 short sword of speed.
* * * LOW HITPOINT WARNING * * *
The kobold hits you with a +2 short sword of speed.
* * * LOW HITPOINT WARNING * * *
You barely miss the kobold.
The kobold is moderately wounded.
The kobold hits you with a +2 short sword of speed.
You die...

#........####.#
#.............#
######.....##......#
#..........##.......#
#.######..#....###..#
#..#.#..# #..#
#....#... .....
######...#.#.###.#.#
#......@...#.# .#.#
#.##....K......
#..........#
#........#..#
#.......>#...
#.......## .#
.......## .##....##


You could see a kobold.

Vanquished Creatures
  2 endoplasms (D:1)
  A kobold (D:1)
  2 rats (D:1)
5 creatures vanquished.

Notes
Turn   | Place    | Note
-------+----------+-------------------------------------------
     0 | D:1      | BerryKnight the Ghoul Summoner began the quest for the Orb.
     0 | D:1      | Reached XP level 1. HP: 14/14 MP: 3/3
   243 | D:1      | Upgraded the game from 0.31.0-10-gcf4a605ca0 to
                  | 0.31.0-11-ge490571c62
   332 | D:1      | Slain by a kobold

Illustrated notes

Levels and vault maps discovered:
D:1:      spicycebolla_green_bress_n_ham, layout_loops_ring

Action                     || total
---------------------------++-------
  Melee: Unarmed           ||    22
 Armour: Scale mail        ||    17
         Ring mail         ||     1
  Dodge: Dodged            ||     8
